 Dungeon Crawl Stone Soup version 0.24.0-2-g5b39cebb1c (webtiles) character file.

Game seed: 16361213469920933850, levelgen mode: deterministic

13 Bombadil the Sneak (level 2, -2/22 HPs)
             Began as a Naga Enchanter on Oct 31, 2019.
             Slain by an ooze (3 damage)
             ... on level 2 of the Dungeon.
             The game lasted 00:00:55 (282 turns).

Bombadil the Sneak (Naga Enchanter)                  Turns: 282, Time: 00:00:56

Health: -2/22      AC:  1    Str: 10    XL:     2   Next: 37%
Magic:  4/5        EV: 10    Int: 15    God:
Gold:   14         SH:  0    Dex: 11    Spells: 4/5 levels left

rFire    . . .     SeeInvis +   a - +1 dagger
rCold    . . .     Gourm    .   (no shield)
rNeg     . . .     Faith    .   b - +0 robe
rPois    +         Spirit   .   (no helmet)
rElec    .         Reflect  .   (no cloak)
rCorr    .         Harm     .   (no gloves)
MR       .....                  (no barding)
Stlth    +++.......             (no amulet)
HPRegen  0.07/turn              (no ring)
MPRegen  0.09/turn              (no ring)

@: very slow
A: large, see invisible, deformed body, poison resistance, slowness 2, slow
metabolism 1, spit poison 1, AC +0
a: Spit Poison


You were on level 2 of the Dungeon.
You were not hungry.

You visited 1 branch of the dungeon, and saw 2 of its levels.

You collected 14 gold pieces.

Inventory:

Hand Weapons
 a - a +1 dagger (weapon)
Armour
 b - a +0 robe (worn)
Potions
 e - 2 potions of flight {unknown}
Comestibles
 c - 5 chunks of flesh
 d - 2 rations


   Skills:
 + Level 1.4 Short Blades
 + Level 1.6 Dodging
 + Level 4.6 Stealth
 + Level 2.1 Spellcasting
 + Level 3.3 Hexes


You had 4 spell levels left.
You knew the following spells:

 Your Spells              Type           Power        Failure   Level  Hunger
a - Corona                Hex            ##.....      5%          1    #......

Your spell library contained the following spells:

 Spells                   Type           Power        Failure   Level  Hunger
 Ensorcelled Hibernation  Hex/Ice        #.....       17%         2    ###....
 Confuse                  Hex            ##......     17%         3    ###....
 Tukima's Dance           Hex            ##......     17%         3    ###....
 Dazzling Spray           Conj/Hex       #.....       32%         3    ###....


Dungeon Overview and Level Annotations

Branches:
Dungeon (1/15)

Altars:
Gozag

Shops:
D:2 *


Innate Abilities, Weirdness & Mutations

You cannot wear boots.
Your serpentine skin is tough. (AC +0)
You have supernaturally acute eyesight. (SInv)
Armour fits poorly on your strangely shaped body.
Your system is resistant to poisons. (rPois)
You cover ground very slowly.
You have a slow metabolism.
You can spit poison.


Message History

The ooze is moderately wounded.
The ooze hits you.
You hit the ooze but do no damage.
The ooze is moderately wounded.
The ooze hits you.
You hit the ooze.
The ooze is severely wounded.
The ooze hits you.
You hit the ooze.
The ooze is almost dead.
The ooze hits you.
* * * LOW HITPOINT WARNING * * *
You hit the ooze but do no damage.
The ooze is severely wounded.
The ooze hits you.
* * * LOW HITPOINT WARNING * * *
You hit the ooze but do no damage.
The ooze is severely wounded.
The ooze hits you.
You die...

.....# .....# ..
....(###### .#
.....+....# ####.####.
.......##.# #.........
.≈≈.≈≈.##.#
###.#.......
.≈...≈.##.#
#...........
.≈._.≈.##.#
#...J.......
≈≈...≈≈##.#
#...@.......
≈.....≈##.#
#....##..##.
≈.⌠.⌠.≈##'###....# #
≈..∩..≈.......#.####..
≈.⌠.⌠.≈................
≈.....≈.......#.#####..
≈≈≈≈≈≈≈.......#.#
#########.#####.# #.#
#+#


You could see an ooze.

Vanquished Creatures
  A gnoll (D:1)
  A goblin (D:1)
  A bat (D:1)
  A frilled lizard (D:1)
  A rat (D:1)
5 creatures vanquished.

Notes
Turn   | Place    | Note
-------+----------+-------------------------------------------
     0 | D:1      | Bombadil the Naga Enchanter began the quest for the Orb.
     0 | D:1      | Reached XP level 1. HP: 15/15 MP: 3/3
    99 | D:1      | Reached XP level 2. HP: 14/22 MP: 5/5
   229 | D:1      | You fall into a shaft and drop 1 floor!
   229 | D:2      | Found an opulent altar of Gozag.
   232 | D:2      | Found Gozag's Platinum Reserve.
   281 | D:2      | HP: 1/22 [ooze (4)]
   282 | D:2      | Slain by an ooze

Levels and vault maps discovered:
D:1:      ebering_trefoil_twist, layout_rooms, chequers_avenue,
          grunt_decor_resistance
D:2:      layout_basic, first_ration, nicolae_gozag_zags_fifth_avenue

Action                   || total
-------------------------++-------
Melee: Dagger            ||    18
 Cast: Corona            ||     2
 Abil: Spit Poison       ||     3
 Stab: Sleeping          ||     1
Armor: Robe              ||     1
Dodge: Dodged            ||    10
